 Dungeon Crawl Stone Soup version 0.30.0 (webtiles) character file.

Game seed: 6120252456812984557

72 Gallacticko the Slasher (level 4, -3/35 HPs)
             Began as a Human Cinder Acolyte on Oct 14, 2023.
             Was a High Priest of Ignis.
             Slain by a shadow imp (5 damage)
             ... on level 3 of the Dungeon.
             The game lasted 00:26:02 (2293 turns).

Gallacticko the Slasher (Human Cinder Acolyte)      Turns: 2293, Time: 00:26:02

Health: -3/35      AC: 10    Str: 15 (16) XL:     4   Next: 48%
Magic:  0/5        EV:  9    Int: 13 (15) God:    Ignis [*****.]
Gold:   91         SH:  0    Dex:  6 (8)  Spells: 5/5 levels left

rFire   + . .        q - +0 scimitar
rCold   . . .        (no shield)
rNeg    . . .        b - +1 scale mail
rPois   .            (no helmet)
rElec   .            (no cloak)
rCorr   .            (no gloves)
SInv    .            h - +2 pair of boots
Will    .....        i - amulet of guardian spirit Stlth
                     (no ring)
HPRegen 0.25/turn    (no ring)
MPRegen 0.09/turn

%: guardian spirit
@: no status effects
A: no striking features
a: Renounce Religion, Fiery Armour, Foxfire Swarm, Rising Flame


You were on level 3 of the Dungeon.
You worshipped Ignis.
Ignis was extremely pleased with you.
You visited 1 branch of the dungeon, and saw 3 of its levels.

You collected 91 gold pieces.

Inventory:

Hand Weapons
 a - a -1 falchion of flaming
 f - a +0 flail
 q - a +0 scimitar (weapon)
Missiles
 g - 2 stones (quivered)
Armour
 b - a +1 scale mail (worn)
 c - a +0 leather armour
 h - a +2 pair of boots (worn)
Jewellery
 i - an amulet of guardian spirit (around neck)
Wands
 e - a wand of charming (10)
Scrolls
 n - 3 scrolls of identify
 o - a scroll of magic mapping
Potions
 j - a potion of heal wounds {unknown}
 k - a potion of degeneration
 l - a potion of lignification {unknown}


   Skills:
 + Level 3.5 Fighting
 + Level 3.9 Long Blades
 + Level 1.3 Armour
 + Level 0.4 Dodging
 + Level 0.3 Stealth
 + Level 1.0 Spellcasting
 + Level 3.1 Fire Magic


You had 5 spell levels left.
You didn't know any spells.
Your spell library contained the following spells:

 Spells                   Type           Power      Damage    Failure   Level
 Scorch                   Fire           16%        2d6       41%         2


Dungeon Overview and Level Annotations

Branches:
Dungeon (3/15)

Altars:

Portals:
Abyss: D:3

Annotations:
D:3 PiratePeteNZ's ghost, amateur DrFE


Message History

Things that are here:
a +0 club; a +0 ring mail
Okay, then.
Things that are here:
a +0 short sword; an orc corpse
Things that are here:
a +0 whip; an orc corpse
Things that are here:
a +0 whip; an orc corpse
Found a stone staircase leading down.
You see here a +0 leather armour.
Found a transporter.
Found 11 gold pieces.
Found a scroll of identify.
There is a transporter here.
You enter the transporter and appear at another place.
An iron imp, a shadow imp and a kobold brigand come into view.
The kobold brigand is wielding a +2 whip of distortion.
The iron imp shouts, "Bolt, thou hateful crook-pated snake-molt!"
The kobold brigand shouts!
Found a book of Spatial Translocations and a whip.
You barely miss the kobold brigand. The kobold brigand barely misses you.
You hit the kobold brigand.
The kobold brigand is lightly wounded.
The kobold brigand hits you with a +2 whip of distortion.
Space warps around you.
You closely miss the kobold brigand.
The kobold brigand is lightly wounded.
The kobold brigand hits you with a +2 whip of distortion.
Space warps horribly around you!
The kobold brigand attacks as you move away!
The kobold brigand hits you with a +2 whip of distortion.
Space warps horribly around you!
* * * LOW HITPOINT WARNING * * *
PiratePeteNZ's ghost (amateur Draconian Fire Elementalist) comes into view.
Found a one-way gate to the infinite horrors of the Abyss.
As you read the scroll labelled IMAOHE VUMAIQ, it crumbles to dust.
It is a scroll of amnesia.
You feel forgetful for a moment. The shadow imp hits you.
You die...

.# # # .. #.# .. # .#..# #
#..#^ . )#©.#.#
..#?##^.##..#.# #
#..#.#.#......
#.##5...##...#####
#..#..$##.........
#.5K#©.....# #..#@#......#
#.#..###...##########
#W..#: #...# #..>....
..### .###..# #....... ...
#.##.#$#..# #....... #∩
##..##.##..####......
..####....###...##....##..
....................#.###.
............[...#.....##..


You could see a kobold brigand, an iron imp, PiratePeteNZ's ghost and a shadow
imp.

Vanquished Creatures
  An adder (D:2)
  5 worms (D:2)
  2 dart slugs
  5 orcs
  6 endoplasms
  A giant cockroach (D:3)
  6 goblins
  2 hobgoblins (D:2)
  A ball python (D:2)
  4 bats
  A frilled lizard (D:3)
  2 kobolds
  4 rats
40 creatures vanquished.

Vanquished Creatures (others)
  2 fungi (D:2)
  7 plants (D:2)
9 creatures vanquished.

Grand Total: 49 creatures vanquished

Notes
Turn   | Place    | Note
-------+----------+-------------------------------------------
     0 | D:1      | Gallacticko the Human Cinder Acolyte began the quest for
                  | the Orb.
     0 | D:1      | Reached XP level 1. HP: 18/18 MP: 2/2
   321 | D:1      | Reached XP level 2. HP: 18/24 MP: 3/3
   837 | D:2      | Reached XP level 3. HP: 22/29 MP: 4/4
  1251 | D:2      | Reached skill level 1 in Armour
  1612 | D:2      | Reached XP level 4. HP: 25/35 MP: 2/5
  1883 | D:2      | Found a faded altar of an unknown god.
  2275 | D:3      | Found a transporter.
  2288 | D:3      | Noticed a kobold brigand
  2292 | D:3      | HP: 1/35 [kobold brigand/+2 whip of distortion (11)]
  2292 | D:3      | Found a one-way gate to the infinite horrors of the Abyss.
  2292 | D:3      | Noticed PiratePeteNZ's ghost (amateur DrFE)
  2293 | D:3      | Slain by a shadow imp

Illustrated notes

Levels and vault maps discovered:
D:1:      saegor_arrival_fortress, layout_basic, serial_shops, shop
D:2:      layout_rooms, serial_forest, infiniplex_forest_clump_small,
          infiniplex_forest_clump_tiny, infiniplex_forest_lined_room_2,
          infiniplex_forest_clump_diagonal, infiniplex_forest_lined_room_2,
          infiniplex_forest_straight_3, infiniplex_forest_straight_3,
          infiniplex_forest_straight_2, shapermc_ecumenical_altar_ellora
D:3:      layout_rooms, gammafunk_ghost_abyssal_escape,
          chequers_serial_rivers_large_b, amcnicky_mini_pool_small

Skill      XL: |  1  2  3 |
---------------+----------+-----
Armour         | 1 |  1.3
Fighting       | |  3.5
Long Blades    | |  3.9
Dodging        | |  0.4
Stealth        | |  0.3
Spellcasting   | |  1.0
Fire Magic     | |  3.1

Action                     |  1- 3 |  4- 6 || total
---------------------------+-------+-------++-------
  Melee: Falchion          |   105 |    33 ||   138
         Punch             |     2 |     1 ||     3
         Scimitar          |       |    33 ||    33
    Use: Scroll            |     4 |     3 ||     7
         Potion            |     2 |       ||     2
 Armour: Leather armour    |    20 |       ||    20
         Robe              |     1 |       ||     1
         Scale mail        |    14 |    31 ||    45
  Dodge: Dodged            |    39 |    33 ||    72
